 Dungeon Crawl Stone Soup version 0.31-a0-165-g3f4f80340b (webtiles) character file.

Game seed: 4046335869709359186

151 qw the Shooter (level 5, -11/46 HPs)
             Began as a Naga Hunter on June 13, 2023.
             Mangled by an ogre
             ... wielding a +0 giant club
              (30 damage)
             ... on level 3 of the Dungeon.
             The game lasted 00:00:29 (1369 turns).

qw the Shooter (Naga Hunter)                        Turns: 1369, Time: 00:00:30

Health: -11/46     AC:  3    Str: 14    XL:     5   Next: 33%
Magic:  5/5        EV:  9    Int:  9    God:
Gold:   117        SH:  0    Dex: 16    Spells: 4/4 levels left

rFire   . . .        k - +0 orcbow
rCold   . . .        (shield currently unavailable)
rNeg    . . .        c - +0 leather armour
rPois   +            (no helmet)
rElec   .            (no cloak)
rCorr   .            (no gloves)
SInv    +            (no barding)
Will    .....        (no amulet)
Stlth   ++           (no ring)
HPRegen 0.27/turn    (no ring)
MPRegen 0.09/turn

%: no passive effects
@: short of breath, very slow
A: AC +1, large, see invisible, deformed body, poison resistance, slowness 2,
spit poison 1, naga tail 1
a: Spit Poison


You were on level 3 of the Dungeon.
You visited 1 branch of the dungeon, and saw 3 of its levels.

You collected 117 gold pieces.


Innate Abilities, Weirdness & Mutations

Your serpentine skin is tough. (AC +1)
You have supernaturally acute eyesight. (SInv)
Armour fits poorly on your strangely shaped body.
Your system is resistant to poisons. (rPois)
You cover ground very slowly.
You can spit poison.
You have a snake-like lower body.


   Skills:
 + Level 2.5 Fighting
 - Level 5.7 Ranged Weapons
 - Level 1.5 Dodging
 - Level 1.5 Stealth


You had 4 spell levels left.
You didn't know any spells.
Your spell library was empty.

Inventory:

Hand Weapons
 k - a +0 orcbow (weapon)
Armour
 c - a +0 leather armour (worn)
Jewellery
 j - a +6 ring of dexterity
Scrolls
 e - a scroll of torment {unknown}
Potions
 a - a potion of invisibility {unknown}
 b - a potion of haste {unknown}
 f - a potion of lignification {unknown}
 g - a potion of mutation {unknown}
 h - a potion of degeneration {unknown}
 i - a potion of magic {unknown}

Dungeon Overview and Level Annotations

Branches:
Dungeon (3/15)

Altars:
Cheibriados
Elyvilon


Message History

The goblin attacks as you move away! The goblin hits you with a +0 club.
You shoot an arrow. The arrow closely misses the goblin.
The arrow barely misses the goblin.
The goblin hits you but does no damage.
You shoot an arrow. The arrow hits the goblin!
You kill the goblin!
You have got your breath back.
The goblin unwields a +0 club.
The goblin wields a +0 sling.
The goblin shoots a sling bullet.
The sling bullet hits you but does no damage.
1363 ||| INVOKING Spit Poison.
Aiming: Spit Poison (1% risk of failure)
Press: ? - help, Shift-Dir - straight line, f - goblin The splash of poison hits the goblin!
The goblin is poisoned.
You kill the goblin!
The goblin shoots a sling bullet.
The sling bullet hits you.
You shoot an arrow. The arrow barely misses the goblin.
The goblin shoots a sling bullet.
The sling bullet closely misses you.
The goblin shoots a sling bullet.
The sling bullet hits you.
You shoot an arrow. The arrow hits the goblin!
You kill the goblin!
You shoot an arrow. The arrow hits the goblin.
The goblin is heavily wounded.
You hear a shout!
You shoot an arrow. The arrow hits the goblin.
You kill the goblin!
You have got your breath back.
The ogre hits you with a +0 giant club!!
Ouch! That really hurt!
You hear a shout!
1368 ||| DRINKING potion of heal wounds.
You feel much better.
1369 ||| INVOKING Spit Poison.
Aiming: Spit Poison (1% risk of failure)
Press: ? - help, Shift-Dir - straight line, f - ogre The splash of poison hits the ogre.
The ogre is lightly wounded.
The ogre hits you with a +0 giant club!!
Ouch! That really hurt!
You die...

##### ###...####
#.%...')@#
#.#...##O#
#.#...##g)..g#
#.#...####(..#.#
#.############.#
#.......#.#....
.#######.#.#..###.
.......#.......[..
.......%..........


You could see an ogre and a goblin.

Vanquished Creatures
  A centaur (D:3)
  2 adders (D:3)
  A worm (D:2)
  2 ball pythons
  3 bats
  6 endoplasms
  2 giant cockroaches
  8 goblins
  6 hobgoblins
  4 quokkas
  2 frilled lizards
  6 kobolds
  3 rats
  A spectral goblin (D:2)
47 creatures vanquished.

Notes
Turn   | Place    | Note
-------+----------+-------------------------------------------
     0 | D:1      | qw the Naga Hunter began the quest for the Orb.
     0 | D:1      | Reached XP level 1. HP: 19/19 MP: 1/1
     0 | D:1      | 0 ||| qw: Version: 0.2-a-29-gc1b59c4
     0 | D:1      | 0 ||| qw: Game counter: 4799
     0 | D:1      | 0 ||| qw: Always use a shield: true
     0 | D:1      | 0 ||| qw: God list: Okawaru
     0 | D:1      | 0 ||| qw: Allow faded altars: false
     0 | D:1      | 0 ||| qw: Do Orc after D:15 true
     0 | D:1      | 0 ||| qw: Do second Lair branch before Depths: true
     0 | D:1      | 0 ||| qw: Lair rune preference: random
     0 | D:1      | 0 ||| qw: Plans: Normal
     0 | D:1      | 0 ||| PLANNING D:1-11
    10 | D:1      | 10 ||| INVOKING Spit Poison.
    40 | D:1      | 40 ||| INVOKING Spit Poison.
   118 | D:1      | 118 ||| INVOKING Spit Poison.
   119 | D:1      | Reached skill level 4 in Ranged Weapons
   119 | D:1      | Reached XP level 2. HP: 26/26 MP: 2/2
   187 | D:1      | 187 ||| INVOKING Spit Poison.
   191 | D:1      | 191 ||| INVOKING Spit Poison.
   211 | D:1      | 211 ||| INVOKING Spit Poison.
   486 | D:1      | 486 ||| INVOKING Spit Poison.
   620 | D:1      | 620 ||| READING scroll labelled LIRORA MULLEKK.
   621 | D:1      | 621 ||| READING scroll labelled UCYGYR ABIOC.
   622 | D:1      | 622 ||| READING scroll labelled ORIOQE RERGH.
   623 | D:1      | 623 ||| DROPPING scroll of butterflies.
   628 | D:2      | Reached XP level 3. HP: 32/32 MP: 3/3
   664 | D:2      | 664 ||| INVOKING Spit Poison.
   700 | D:2      | 700 ||| INVOKING Spit Poison.
   707 | D:2      | 707 ||| INVOKING Spit Poison.
   732 | D:2      | 732 ||| INVOKING Spit Poison.
   866 | D:2      | 866 ||| INVOKING Spit Poison.
   890 | D:2      | 890 ||| INVOKING Spit Poison.
   919 | D:2      | Found a faded altar of an unknown god.
  1140 | D:2      | 1140 ||| DRINKING 2 yellow potions.
  1164 | D:3      | Found a snail-covered altar of Cheibriados.
  1199 | D:3      | 1199 ||| INVOKING Spit Poison.
  1238 | D:3      | Found a white marble altar of Elyvilon.
  1238 | D:3      | Noticed a centaur
  1240 | D:3      | Killed a centaur
  1241 | D:3      | Reached skill level 5 in Ranged Weapons
  1241 | D:3      | Reached XP level 4. HP: 39/39 MP: 4/4
  1241 | D:3      | Reached XP level 5. HP: 45/45 MP: 5/5
  1244 | D:3      | 1244 ||| INVOKING Spit Poison.
  1252 | D:3      | 1252 ||| SWAPPING to +0 orcbow.
  1253 | D:3      | 1253 ||| DROPPING +0 shortbow of draining.
  1259 | D:3      | 1259 ||| INVOKING Spit Poison.
  1280 | D:3      | 1280 ||| INVOKING Spit Poison.
  1285 | D:3      | 1285 ||| INVOKING Spit Poison.
  1291 | D:3      | 1291 ||| INVOKING Spit Poison.
  1356 | D:3      | Noticed an ogre
  1357 | D:3      | 1357 ||| INVOKING Spit Poison.
  1360 | D:3      | 1360 ||| Stepping ~*~*~tactically~*~*~ (outnumbered).
  1363 | D:3      | 1363 ||| INVOKING Spit Poison.
  1367 | D:3      | HP: 9/46 [ogre/+0 giant club (28)]
  1368 | D:3      | 1368 ||| DRINKING potion of heal wounds.
  1369 | D:3      | 1369 ||| INVOKING Spit Poison.
  1369 | D:3      | Mangled by an ogre

Levels and vault maps discovered:
D:1:      roderic_dead_forest, layout_loops_ring
D:2:      layout_basic, dreamdust_ecumenical_altar_drowned_temple
D:3:      layout_basic, amcnicky_altar_gilded, elyvilon_altar_5,
          grunt_temple_overflow_open, chequers_serial_rivers_large_b,
          minmay_ogre_servants, uniq_natasha

Skill      XL: |  1  2  3 |
---------------+----------+-----
Ranged Weapons | 4 5 |  5.7
Fighting       | |  2.5
Dodging        | |  1.5
Stealth        | |  1.5

Action                     |  1- 3 |  4- 6 || total
---------------------------+-------+-------++-------
   Fire: Shortbow          |    55 |     2 ||    57
         Orcbow            |       |    21 ||    21
Ability: Spit Poison       |    14 |     8 ||    22
    Use: Scroll            |     3 |       ||     3
         Potion            |     1 |     1 ||     2
 Armour: Leather armour    |       |    14 ||    14
  Dodge: Dodged            |     2 |     5 ||     7

Table legend:
 A = Non-vault XP
 B = Vault XP
 C = Vault XP percentage of total XP
 D = Non-vault monster count
 E = Vault monster count
 F = Vault count percentage of total count
                 A         B        C        D         E       F
            +---------+---------+-------+---------+---------+-------
      Total |     206 |      11 |   5.1 |      41 |       6 |  12.8
            +---------+---------+-------+---------+---------+-------
        D:1 |      33 |       0 |   0.0 |      18 |       0 |   0.0
        D:2 |      30 |       1 |   3.2 |      17 |       1 |   5.6
        D:3 |     143 |      10 |   6.5 |       6 |       5 |  45.5
            +---------+---------+-------+---------+---------+-------
